 Dungeon Crawl Stone Soup version 0.30.1 (webtiles) character file.

Game seed: 14730598652348121025

3282 hisuich the Cleaver (level 9, -6/73 (79) HPs)
             Began as a Minotaur Fighter on July 10, 2023.
             Was a Believer of Trog.
             Killed from afar by a rime drake (15 damage)
             ... with an icy flash freeze
             ... on level 7 of the Dungeon.
             The game lasted 00:19:14 (6838 turns).

hisuich the Cleaver (Minotaur Fighter)              Turns: 6838, Time: 00:19:17

HP:   -6/73 (79)    AC: 13    Str: 26    XL:     9   Next: 69%
MP:   8/8           EV:  9    Int:  5    God:    Trog [**....]
Gold: 265           SH: 14    Dex:  9    Spells: 8/8 levels left

rFire   . . .        a - +0 war axe
rCold   . . .        z - +1 tower shield {AC+3}
rNeg    . . .        b - +0 scale mail
rPois   .            (helmet restricted)
rElec   .            j - +1 cloak {rCorr}
rCorr   +            (no gloves)
SInv    .            (no boots)
Will    ++...        (no amulet) Stlth
                     (no ring)
HPRegen 1.32/turn    (no ring)
MPRegen 0.11/turn

%: no passive effects
@: strong-willed (expiring), on berserk cooldown, regenerating (expiring),
slowed, drained, very slow
A: horns 2, retaliatory headbutt
a: Renounce Religion, Berserk, Trog's Hand


You were on level 7 of the Dungeon.
You worshipped Trog.
Trog was pleased with you.
You visited 2 branches of the dungeon, and saw 9 of its levels.

You collected 479 gold pieces.
You spent 214 gold pieces at shops.

Inventory:

Hand Weapons
 a - a +0 war axe (weapon)
Armour
 b - a +0 scale mail (worn)
 c - a +0 buckler
 j - a +1 cloak of preservation (worn)
 u - a +0 helmet
 z - a +1 tower shield of protection (worn)
Jewellery
 g - a +5 ring of evasion
 s - an amulet of faith
 D - an amulet of guardian spirit
 G - a +4 ring of protection
Wands
 C - a wand of mindburst (14)
 E - a wand of acid (6)
Scrolls
 f - 7 scrolls of identify {unknown}
 k - 2 scrolls of fear {unknown}
 o - 5 scrolls of teleportation {unknown}
 t - a scroll of summoning {unknown}
 v - a scroll of blinking {unknown}
 w - a scroll of immolation {unknown}
 x - 2 scrolls of enchant weapon {unknown}
 y - a scroll of vulnerability {unknown}
 A - a scroll of noise {unknown}
 B - a scroll of poison {unknown}
 H - a scroll of enchant armour {unknown}
Potions
 d - a potion of might
 e - 3 potions of curing
 h - a potion of invisibility {unknown}
 i - 3 potions of degeneration {unknown}
 l - 2 potions of lignification {unknown}
 m - 2 potions of haste {unknown}
 n - a potion of flight {unknown}
 p - a potion of attraction {unknown}
 q - a potion of berserk rage {unknown}
 r - 2 potions of heal wounds {unknown}
 F - a potion of resistance {unknown}


   Skills:
 + Level 7.0 Fighting
 + Level 11.0 Axes
 + Level 8.1 Armour
 + Level 3.9 Dodging
 + Level 0.7 Stealth
 + Level 7.5 Shields


You had 8 spell levels left.
You didn't know any spells.
Your spell library contained the following spells:

 Spells                   Type           Power      Damage    Failure   Level
 Kiss of Death            Conj/Necr      0%         2d5       99%         1
 Sting                    Tmut/Pois      0%         1d3       99%         1
 Ensorcelled Hibernation  Hex/Ice        0%         N/A       100%        2
 Poisonous Vapours        Pois/Air       0%         N/A       100%        2
 Confusing Touch          Hex            0%         N/A       100%        3
 Spider Form              Tmut/Pois      0%         N/A       100%        3
 Anguish                  Hex/Necr       0%         N/A       100%        4
 Dispel Undead            Necr           0%         3d6       100%        4
 Olgreb's Toxic Radiance  Pois           0%         N/A       100%        4


Dungeon Overview and Level Annotations

Branches:
Dungeon (8/15)             Temple (1/1) D:4
   Lair: D:8-11

Altars:
Cheibriados
Dithmenos
Elyvilon
Hepliaklqana
Kikubaaqudgha
Makhleb
Okawaru
Ru
Trog
Uskayaw
Vehumet
Xom
The Shining One

Shops:
D:2 [   D:6 [[?

Annotations:
D:7 Psyche


Innate Abilities, Weirdness & Mutations

You have a pair of horns on your head.
You reflexively headbutt those who attack you in melee.


Message History

You barely miss something.
You feel very sick. The rime drake barely misses you.
You block something's attack. You block the rime drake's attack.
Something hits you.
* * * LOW HITPOINT WARNING * * *
You feel better.
You feel the effects of Trog's Hand fading.
The rime drake breathes ice at you. The icy flash freeze hits you!
* * * LOW HITPOINT WARNING * * *
You are encased in ice.
Something hits you.
* * * LOW HITPOINT WARNING * * *
You feel drained.
* * * LOW HITPOINT WARNING * * *
You block the rime drake's attack. Something hits you.
* * * LOW HITPOINT WARNING * * *
You feel drained.
* * * LOW HITPOINT WARNING * * *
You slash something! You slash the rime drake!
The rime drake bites you but does no damage.
You hear some strange, mumbled words.
The rime drake bites you but does no damage.
Something hits you.
* * * LOW HITPOINT WARNING * * *
Unknown command.
Okay, then.
You miss something.
You hit the rime drake but do no damage.
The ice encasing you melts away. Something hits you.
* * * LOW HITPOINT WARNING * * *
You feel drained.
* * * LOW HITPOINT WARNING * * *
The rime drake bites you.
* * * LOW HITPOINT WARNING * * *
You hear some strange, mumbled words.
The rime drake breathes ice at you. The icy flash freeze hits you!
You die...

....###.......................###
...###..#.###.........#.#.##....#
........###...........###........
.......#####..###..#..###........
>........##..###..###..#<........
...#...#.....##....##.#..........
.#.#..##>...###.....#.#.##.......
.#.....#....^..k.................
.............##.@......##........
...##.....##.##........#.........
.#.........#..#...#....##..#.....
###..........#....##.####........
###..#.#....###..##...##.........
#.....#....##...................
#...####....#...###.............
##### #.......## ##............
###.#..#### ##....##...##.


You could see a rime drake (catching breath).

Vanquished Creatures
  A water moccasin (D:6)
  3 ice beasts
  A sky beast (D:7)
  3 black bears
  An orc warrior (D:7)
  2 ogres
  3 wolves (D:8)
  A centaur (D:6)
  2 kobold brigands
  4 bullfrogs
  2 gnoll sergeants
  2 scorpions (D:4)
  9 wights (D:7)
  2 howler monkeys
  5 hounds
  A gnoll bouda (D:5)
  2 orc priests (D:7)
  3 sleepcaps
  2 orc wizards (D:3)
  8 adders
  17 gnolls
  3 white imps
  2 worms
  3 dart slugs
  22 orcs
  6 ball pythons
  6 endoplasms
  4 giant cockroaches
  7 goblins
  10 hobgoblins
  9 jackals
  3 quokkas
  4 bats
  4 frilled lizards
  22 kobolds
  4 rats
183 creatures vanquished.

Notes
Turn   | Place    | Note
-------+----------+-------------------------------------------
     0 | D:1      | hisuich the Minotaur Fighter began the quest for the Orb.
     0 | D:1      | Reached XP level 1. HP: 19/19 MP: 0/0
    66 | D:1      | You fall into a shaft and drop 1 floor!
   173 | D:1      | Reached XP level 2. HP: 27/27 MP: 1/1
   360 | D:1      | Found a faded altar of an unknown god.
   973 | D:2      | Found Zoruvesh's Antique Armour Shoppe.
   984 | D:2      | Reached XP level 3. HP: 33/33 MP: 2/2
  1012 | D:2      | Reached skill level 3 in Axes
  1609 | D:3      | Reached skill level 1 in Dodging
  1609 | D:3      | Reached XP level 4. HP: 31/40 MP: 3/3
  1620 | D:3      | Reached skill level 4 in Axes
  1753 | D:3      | Noticed a +0 dagger
  1753 | D:3      | Noticed a +0 hand axe
  1762 | D:3      | Reached XP level 5. HP: 47/47 MP: 4/4
  1772 | D:3      | Found a hide-covered altar of Uskayaw.
  1998 | D:3      | Found a glowing golden altar of the Shining One.
  2419 | D:4      | Reached skill level 5 in Axes
  2487 | D:4      | Found a staircase to the Ecumenical Temple.
  2493 | Temple   | Entered the Ecumenical Temple
  2527 | Temple   | Became a worshipper of Trog the Wrathful
  3143 | D:4      | Reached XP level 6. HP: 34/53 MP: 5/5
  3271 | D:4      | Found a sacrificial altar of Ru.
  3408 | D:5      | Entered Level 5 of the Dungeon
  3432 | D:5      | Reached skill level 5 in Armour
  3568 | D:5      | Reached skill level 5 in Fighting
  3568 | D:5      | Reached skill level 6 in Axes
  3576 | D:5      | Reached XP level 7. HP: 41/61 MP: 6/6
  3928 | D:5      | Reached skill level 7 in Axes
  3967 | D:5      | Reached * piety under Trog
  4109 | D:5      | Reached skill level 5 in Shields
  4140 | D:5      | Found a hazy altar of Hepliaklqana.
  4161 | D:5      | Found an ancient bone altar of Kikubaaqudgha.
  4697 | D:6      | Found Raicwef's Armour Boutique.
  4716 | D:6      | Found Bieryc's Armour Emporium.
  4737 | D:6      | Bought a +1 tower shield of protection for 214 gold pieces
  4766 | D:6      | Reached XP level 8. HP: 63/69 MP: 7/7
  4852 | D:6      | Reached skill level 8 in Axes
  4913 | D:6      | Found Neacoj's Magic Scroll Shop.
  5467 | D:7      | Reached skill level 9 in Axes
  5644 | D:7      | Reached XP level 9. HP: 26/75 MP: 8/8
  5644 | D:7      | Reached ** piety under Trog
  5649 | D:7      | Reached skill level 10 in Axes
  6150 | D:7      | Found a burning altar of Makhleb.
  6822 | D:8      | Noticed a rime drake
  6825 | D:8      | Noticed Psyche
  6826 | D:8      | Noticed a polar bear
  6829 | D:8      | Reached skill level 11 in Axes
  6829 | D:8      | Noticed a polar bear
  6829 | D:8      | Noticed a two-headed ogre
  6838 | D:7      | Killed from afar by a rime drake

Illustrated notes

Levels and vault maps discovered:
D:1:      lightli_arrival_maybe_door_vault, layout_basic,
          hellmonk_ecumenical_altar_crossroads, nicolae_titane
D:2:      layout_basic, serial_shops, nicolae_shop_overgrown_old_shop,
          solitary_fountain
D:3:      layout_basic, dancing_weapons_uskayaw, tso_altar, minivault_5
D:4:      layout_loops_ring, nicolae_ru_path_of_blood, minmay_temple_entry_hall,
          minmay_misc_feat_tower, eino_tiny_chamber
D:5:      layout_loops_ring, nicolae_overflow_hidden_temple,
          mainiacjoe_overflow_concentric_impassable,
          hangedman_abyss_or_decor_lesser_grid
D:6:      layout_rooms, serial_aquarium, aquarium_bridge_island_small
          [aquarium_subvault_small_open, aquarium_subvault_bridge,
          aquarium_subvault_wall, aquarium_subvault_window,
          aquarium_subvault_wall], aquarium_window_corridor_2,
          aquarium_window_corner, aquarium_window_1, aquarium_view_2d,
          aquarium_view_2b, aquarium_pool_split, serial_shops, shop,
          nicolae_stop_n_shop_2, nicolae_shop_hallway_plus
D:7:      layout_cave_pools, mainiacjoe_overflow_brackets
D:8:      layout_cave_pools, yredelemnul_forgotten_temple_becter,
          hellmonk_lair_entry_icy, gammafunk_ghost_wrathful_warriors,
          uniq_psyche, uniq_maurice
Temple:   nicolae_temple_godpark

Skill      XL: |  1  2  3  4  5  6  7  8  9 |
---------------+----------------------------+-----
Fighting       | 4 5 6 7 |  7.0
Shields        | 4 5 6 7 |  7.5
Armour         | 4 5 6 7 8 |  8.1
Axes           | 3 4 5 6 7 9 11 | 11.0
Dodging        | 1 2 3 |  3.9
Stealth        | |  0.7

Action                     |  1- 3 |  4- 6 |  7- 9 || total
---------------------------+-------+-------+-------++-------
  Melee: War axe           |   112 |   106 |   204 ||   422
         Headbutt          |    18 |    11 |    40 ||    69
 Invoke: Berserk           |       |       |     4 ||     4
         Trog's Hand       |       |       |     2 ||     2
    Use: Potion            |       |       |     5 ||     5
 Armour: Scale mail        |    80 |    57 |   102 ||   239
  Dodge: Dodged            |    53 |    59 |    84 ||   196
  Block: Buckler           |    24 |    28 |     8 ||    60
         Tower shield      |       |       |   179 ||   179
